AoeStats
← GoodByeWorld

Arabia

510111352Analyzed
1v1 RM · 2d ago on Sep 29, 2026· 47m 22s· 2 players
Game mode
Random Map
Map size
Tiny (2 player)
Population
200
Speed
Normal
Resources
Standard
Victory
Conquest
Starting age
Dark Age
Ending age
Imperial Age
RankedLock teamsTeams togetherTeam positionsShared explorationLock speedFull tech treeHidden civsTurbo modeCheats
Victory
Defeat
🇻🇪 Burgundians · Venezuela
1292
+16
🇦🇷 Vietnamese · Argentina
1283
-16
Cerbero
4:02 Loom
9:21 Feudal Age
10:11 Double-Bit Axe
13:15 Wheelbarrow
16:50 Gold Mining
16:45 Horse Collar
22:25 Castle Age
21:59 Fletching
22:09 Padded Archer Armor
23:04 Bodkin Arrow
23:37 Bow Saw
23:59 Bloodlines
23:50 Husbandry
26:00 Scale Mail Armor
26:11 Forging
26:34 Hand Cart
30:03 Stone Mining
30:57 Iron Casting
32:35 Scale Barding Armor
33:19 Stone Shaft Mining
33:15 Chain Mail Armor
33:39 Squires
34:43 Chain Barding Armor
35:16 Town Watch
42:10 Imperial Age
43:47 Imperial Age
41:51 Masonry
41:37 Murder Holes
42:03 Ballistics
41:55 Heavy Plow
44:03 Elite Fire Lancer
45:15 Plate Mail Armor
44:55 Elite Skirmisher
46:41 Hoardings
GoodByeWorld
7:20 Loom
9:27 Feudal Age
9:18 Double-Bit Axe
13:38 Bow Saw
23:04 Castle Age
20:50 Horse Collar
22:51 Scale Barding Armor
26:33 Forging
30:27 Fletching
30:50 Elite Skirmisher
32:29 Padded Archer Armor
32:35 Crossbowman
35:06 Bodkin Arrow
36:09 Wheelbarrow
35:20 Town Watch
36:54 Ballistics
37:53 Gold Mining
38:24 Hand Cart
38:34 Heavy Plow
39:09 Stone Mining
42:38 Imperial Age
41:40 Gold Shaft Mining
41:27 Chain Barding Armor
42:44 Iron Casting
42:34 Leather Archer Armor
42:16 Cavalier
42:57 Husbandry
45:05 Bracer
46:41 Chemistry
Connection lost

Rejoining the realm…

Still unreachable

The connection could not be restored.

Session expired

The server has moved on; the page needs a fresh start.